%YAML 1.1
%TAG !u! tag:unity3d.com,2011:
--- !u!29 &1
OcclusionCullingSettings:
  m_ObjectHideFlags: 0
  serializedVersion: 2
  m_OcclusionBakeSettings:
    smallestOccluder: 5
    smallestHole: 0.25
    backfaceThreshold: 100
  m_SceneGUID: 00000000000000000000000000000000
  m_OcclusionCullingData: {fileID: 0}
--- !u!104 &2
RenderSettings:
  m_ObjectHideFlags: 0
  serializedVersion: 9
  m_Fog: 0
  m_FogColor: {r: 0.5, g: 0.5, b: 0.5, a: 1}
  m_FogMode: 3
  m_FogDensity: 0.01
  m_LinearFogStart: 0
  m_LinearFogEnd: 300
  m_AmbientSkyColor: {r: 0.212, g: 0.227, b: 0.259, a: 1}
  m_AmbientEquatorColor: {r: 0.114, g: 0.125, b: 0.133, a: 1}
  m_AmbientGroundColor: {r: 0.047, g: 0.043, b: 0.035, a: 1}
  m_AmbientIntensity: 1
  m_AmbientMode: 0
  m_SubtractiveShadowColor: {r: 0.42, g: 0.478, b: 0.627, a: 1}
  m_SkyboxMaterial: {fileID: 2100000, guid: f14e791cab3ea0c4397ab4827d05bebc, type: 2}
  m_HaloStrength: 0.5
  m_FlareStrength: 1
  m_FlareFadeSpeed: 3
  m_HaloTexture: {fileID: 0}
  m_SpotCookie: {fileID: 10001, guid: 0000000000000000e000000000000000, type: 0}
  m_DefaultReflectionMode: 0
  m_DefaultReflectionResolution: 128
  m_ReflectionBounces: 1
  m_ReflectionIntensity: 1
  m_CustomReflection: {fileID: 0}
  m_Sun: {fileID: 705507994}
  m_IndirectSpecularColor: {r: 0.38570493, g: 0.45128495, b: 0.53455174, a: 1}
  m_UseRadianceAmbientProbe: 0
--- !u!157 &3
LightmapSettings:
  m_ObjectHideFlags: 0
  serializedVersion: 12
  m_GIWorkflowMode: 1
  m_GISettings:
    serializedVersion: 2
    m_BounceScale: 1
    m_IndirectOutputScale: 1
    m_AlbedoBoost: 1
    m_EnvironmentLightingMode: 0
    m_EnableBakedLightmaps: 1
    m_EnableRealtimeLightmaps: 0
  m_LightmapEditorSettings:
    serializedVersion: 12
    m_Resolution: 2
    m_BakeResolution: 40
    m_AtlasSize: 1024
    m_AO: 0
    m_AOMaxDistance: 1
    m_CompAOExponent: 1
    m_CompAOExponentDirect: 0
    m_ExtractAmbientOcclusion: 0
    m_Padding: 2
    m_LightmapParameters: {fileID: 0}
    m_LightmapsBakeMode: 1
    m_TextureCompression: 1
    m_FinalGather: 0
    m_FinalGatherFiltering: 1
    m_FinalGatherRayCount: 256
    m_ReflectionCompression: 2
    m_MixedBakeMode: 2
    m_BakeBackend: 1
    m_PVRSampling: 1
    m_PVRDirectSampleCount: 32
    m_PVRSampleCount: 500
    m_PVRBounces: 2
    m_PVREnvironmentSampleCount: 500
    m_PVREnvironmentReferencePointCount: 2048
    m_PVRFilteringMode: 2
    m_PVRDenoiserTypeDirect: 0
    m_PVRDenoiserTypeIndirect: 0
    m_PVRDenoiserTypeAO: 0
    m_PVRFilterTypeDirect: 0
    m_PVRFilterTypeIndirect: 0
    m_PVRFilterTypeAO: 0
    m_PVREnvironmentMIS: 0
    m_PVRCulling: 1
    m_PVRFilteringGaussRadiusDirect: 1
    m_PVRFilteringGaussRadiusIndirect: 5
    m_PVRFilteringGaussRadiusAO: 2
    m_PVRFilteringAtrousPositionSigmaDirect: 0.5
    m_PVRFilteringAtrousPositionSigmaIndirect: 2
    m_PVRFilteringAtrousPositionSigmaAO: 1
    m_ExportTrainingData: 0
    m_TrainingDataDestination: TrainingData
    m_LightProbeSampleCountMultiplier: 4
  m_LightingDataAsset: {fileID: 0}
  m_LightingSettings: {fileID: 0}
--- !u!196 &4
NavMeshSettings:
  serializedVersion: 2
  m_ObjectHideFlags: 0
  m_BuildSettings:
    serializedVersion: 2
    agentTypeID: 0
    agentRadius: 0.5
    agentHeight: 2
    agentSlope: 45
    agentClimb: 0.4
    ledgeDropHeight: 0
    maxJumpAcrossDistance: 0
    minRegionArea: 2
    manualCellSize: 0
    cellSize: 0.16666667
    manualTileSize: 0
    tileSize: 256
    accuratePlacement: 0
    maxJobWorkers: 0
    preserveTilesOutsideBounds: 0
    debug:
      m_Flags: 0
  m_NavMeshData: {fileID: 0}
--- !u!1001 &46201419
PrefabInstance:
  m_ObjectHideFlags: 0
  serializedVersion: 2
  m_Modification:
    m_TransformParent: {fileID: 0}
    m_Modifications:
    - target: {fileID: 1745671036675386, guid: 74442f407a24ac84f95f08a83b1bb617, type: 3}
      propertyPath: m_Name
      value: Rock_1
      objectReference: {fileID: 0}
    - target: {fileID: 4483830403358642, guid: 74442f407a24ac84f95f08a83b1bb617, type: 3}
      propertyPath: m_RootOrder
      value: 5
      objectReference: {fileID: 0}
    - target: {fileID: 4483830403358642, guid: 74442f407a24ac84f95f08a83b1bb617, type: 3}
      propertyPath: m_LocalPosition.x
      value: 7.5310926
      objectReference: {fileID: 0}
    - target: {fileID: 4483830403358642, guid: 74442f407a24ac84f95f08a83b1bb617, type: 3}
      propertyPath: m_LocalPosition.y
      value: 0.4260906
      objectReference: {fileID: 0}
    - target: {fileID: 4483830403358642, guid: 74442f407a24ac84f95f08a83b1bb617, type: 3}
      propertyPath: m_LocalPosition.z
      value: 5.002121
      objectReference: {fileID: 0}
    - target: {fileID: 4483830403358642, guid: 74442f407a24ac84f95f08a83b1bb617, type: 3}
      propertyPath: m_LocalRotation.w
      value: 1
      objectReference: {fileID: 0}
    - target: {fileID: 4483830403358642, guid: 74442f407a24ac84f95f08a83b1bb617, type: 3}
      propertyPath: m_LocalRotation.x
      value: -0.00000003774895
      objectReference: {fileID: 0}
    - target: {fileID: 4483830403358642, guid: 74442f407a24ac84f95f08a83b1bb617, type: 3}
      propertyPath: m_LocalRotation.y
      value: 0
      objectReference: {fileID: 0}
    - target: {fileID: 4483830403358642, guid: 74442f407a24ac84f95f08a83b1bb617, type: 3}
      propertyPath: m_LocalRotation.z
      value: -0
      objectReference: {fileID: 0}
    - target: {fileID: 4483830403358642, guid: 74442f407a24ac84f95f08a83b1bb617, type: 3}
      propertyPath: m_LocalEulerAnglesHint.x
      value: 0
      objectReference: {fileID: 0}
    - target: {fileID: 4483830403358642, guid: 74442f407a24ac84f95f08a83b1bb617, type: 3}
      propertyPath: m_LocalEulerAnglesHint.y
      value: 0
      objectReference: {fileID: 0}
    - target: {fileID: 4483830403358642, guid: 74442f407a24ac84f95f08a83b1bb617, type: 3}
      propertyPath: m_LocalEulerAnglesHint.z
      value: 0
      objectReference: {fileID: 0}
    m_RemovedComponents: []
  m_SourcePrefab: {fileID: 100100000, guid: 74442f407a24ac84f95f08a83b1bb617, type: 3}
--- !u!1001 &121171249
PrefabInstance:
  m_ObjectHideFlags: 0
  serializedVersion: 2
  m_Modification:
    m_TransformParent: {fileID: 0}
    m_Modifications:
    - target: {fileID: 1928822907758636, guid: 4dcb45769932d8b449fc6523626179be, type: 3}
      propertyPath: m_Name
      value: Plant_2 (2)
      objectReference: {fileID: 0}
    - target: {fileID: 4109027472145070, guid: 4dcb45769932d8b449fc6523626179be, type: 3}
      propertyPath: m_RootOrder
      value: 14
      objectReference: {fileID: 0}
    - target: {fileID: 4109027472145070, guid: 4dcb45769932d8b449fc6523626179be, type: 3}
      propertyPath: m_LocalPosition.x
      value: 8.22
      objectReference: {fileID: 0}
    - target: {fileID: 4109027472145070, guid: 4dcb45769932d8b449fc6523626179be, type: 3}
      propertyPath: m_LocalPosition.y
      value: 0.44213405
      objectReference: {fileID: 0}
    - target: {fileID: 4109027472145070, guid: 4dcb45769932d8b449fc6523626179be, type: 3}
      propertyPath: m_LocalPosition.z
      value: 0.92
      objectReference: {fileID: 0}
    - target: {fileID: 4109027472145070, guid: 4dcb45769932d8b449fc6523626179be, type: 3}
      propertyPath: m_LocalRotation.w
      value: 1
      objectReference: {fileID: 0}
    - target: {fileID: 4109027472145070, guid: 4dcb45769932d8b449fc6523626179be, type: 3}
      propertyPath: m_LocalRotation.x
      value: -0.00000003774895
      objectReference: {fileID: 0}
    - target: {fileID: 4109027472145070, guid: 4dcb45769932d8b449fc6523626179be, type: 3}
      propertyPath: m_LocalRotation.y
      value: 0
      objectReference: {fileID: 0}
    - target: {fileID: 4109027472145070, guid: 4dcb45769932d8b449fc6523626179be, type: 3}
      propertyPath: m_LocalRotation.z
      value: -0
      objectReference: {fileID: 0}
    - target: {fileID: 4109027472145070, guid: 4dcb45769932d8b449fc6523626179be, type: 3}
      propertyPath: m_LocalEulerAnglesHint.x
      value: 0
      objectReference: {fileID: 0}
    - target: {fileID: 4109027472145070, guid: 4dcb45769932d8b449fc6523626179be, type: 3}
      propertyPath: m_LocalEulerAnglesHint.y
      value: 0
      objectReference: {fileID: 0}
    - target: {fileID: 4109027472145070, guid: 4dcb45769932d8b449fc6523626179be, type: 3}
      propertyPath: m_LocalEulerAnglesHint.z
      value: 0
      objectReference: {fileID: 0}
    - target: {fileID: 23755538523196080, guid: 4dcb45769932d8b449fc6523626179be, type: 3}
      propertyPath: m_Materials.Array.data[1]
      value: 
      objectReference: {fileID: 2100000, guid: 35efd64ed4769b8459707c2739efe32a, type: 2}
    m_RemovedComponents: []
  m_SourcePrefab: {fileID: 100100000, guid: 4dcb45769932d8b449fc6523626179be, type: 3}
--- !u!1001 &228333623
PrefabInstance:
  m_ObjectHideFlags: 0
  serializedVersion: 2
  m_Modification:
    m_TransformParent: {fileID: 0}
    m_Modifications:
    - target: {fileID: 1862922641584384, guid: fd4804b84d34a784ea6831ede116af4c, type: 3}
      propertyPath: m_Name
      value: Plant_5 (2)
      objectReference: {fileID: 0}
    - target: {fileID: 4925868257544670, guid: fd4804b84d34a784ea6831ede116af4c, type: 3}
      propertyPath: m_RootOrder
      value: 16
      objectReference: {fileID: 0}
    - target: {fileID: 4925868257544670, guid: fd4804b84d34a784ea6831ede116af4c, type: 3}
      propertyPath: m_LocalPosition.x
      value: 3.9558377
      objectReference: {fileID: 0}
    - target: {fileID: 4925868257544670, guid: fd4804b84d34a784ea6831ede116af4c, type: 3}
      propertyPath: m_LocalPosition.y
      value: 0.43845958
      objectReference: {fileID: 0}
    - target: {fileID: 4925868257544670, guid: fd4804b84d34a784ea6831ede116af4c, type: 3}
      propertyPath: m_LocalPosition.z
      value: -2.67
      objectReference: {fileID: 0}
    - target: {fileID: 4925868257544670, guid: fd4804b84d34a784ea6831ede116af4c, type: 3}
      propertyPath: m_LocalRotation.w
      value: 1
      objectReference: {fileID: 0}
    - target: {fileID: 4925868257544670, guid: fd4804b84d34a784ea6831ede116af4c, type: 3}
      propertyPath: m_LocalRotation.x
      value: -0.00000003774895
      objectReference: {fileID: 0}
    - target: {fileID: 4925868257544670, guid: fd4804b84d34a784ea6831ede116af4c, type: 3}
      propertyPath: m_LocalRotation.y
      value: 0
      objectReference: {fileID: 0}
    - target: {fileID: 4925868257544670, guid: fd4804b84d34a784ea6831ede116af4c, type: 3}
      propertyPath: m_LocalRotation.z
      value: -0
      objectReference: {fileID: 0}
    - target: {fileID: 4925868257544670, guid: fd4804b84d34a784ea6831ede116af4c, type: 3}
      propertyPath: m_LocalEulerAnglesHint.x
      value: 0
      objectReference: {fileID: 0}
    - target: {fileID: 4925868257544670, guid: fd4804b84d34a784ea6831ede116af4c, type: 3}
      propertyPath: m_LocalEulerAnglesHint.y
      value: 0
      objectReference: {fileID: 0}
    - target: {fileID: 4925868257544670, guid: fd4804b84d34a784ea6831ede116af4c, type: 3}
      propertyPath: m_LocalEulerAnglesHint.z
      value: 0
      objectReference: {fileID: 0}
    m_RemovedComponents: []
  m_SourcePrefab: {fileID: 100100000, guid: fd4804b84d34a784ea6831ede116af4c, type: 3}
--- !u!1001 &398410118
PrefabInstance:
  m_ObjectHideFlags: 0
  serializedVersion: 2
  m_Modification:
    m_TransformParent: {fileID: 0}
    m_Modifications:
    - target: {fileID: 1469552238671186, guid: 2bd413b982191d54396bb381188bb4d0, type: 3}
      propertyPath: m_Name
      value: Terrain_1
      objectReference: {fileID: 0}
    - target: {fileID: 4777469181809006, guid: 2bd413b982191d54396bb381188bb4d0, type: 3}
      propertyPath: m_RootOrder
      value: 10
      objectReference: {fileID: 0}
    - target: {fileID: 4777469181809006, guid: 2bd413b982191d54396bb381188bb4d0, type: 3}
      propertyPath: m_LocalPosition.x
      value: 0
      objectReference: {fileID: 0}
    - target: {fileID: 4777469181809006, guid: 2bd413b982191d54396bb381188bb4d0, type: 3}
      propertyPath: m_LocalPosition.y
      value: 0.4
      objectReference: {fileID: 0}
    - target: {fileID: 4777469181809006, guid: 2bd413b982191d54396bb381188bb4d0, type: 3}
      propertyPath: m_LocalPosition.z
      value: 0
      objectReference: {fileID: 0}
    - target: {fileID: 4777469181809006, guid: 2bd413b982191d54396bb381188bb4d0, type: 3}
      propertyPath: m_LocalRotation.w
      value: 1
      objectReference: {fileID: 0}
    - target: {fileID: 4777469181809006, guid: 2bd413b982191d54396bb381188bb4d0, type: 3}
      propertyPath: m_LocalRotation.x
      value: 0
      objectReference: {fileID: 0}
    - target: {fileID: 4777469181809006, guid: 2bd413b982191d54396bb381188bb4d0, type: 3}
      propertyPath: m_LocalRotation.y
      value: 0
      objectReference: {fileID: 0}
    - target: {fileID: 4777469181809006, guid: 2bd413b982191d54396bb381188bb4d0, type: 3}
      propertyPath: m_LocalRotation.z
      value: 0
      objectReference: {fileID: 0}
    - target: {fileID: 4777469181809006, guid: 2bd413b982191d54396bb381188bb4d0, type: 3}
      propertyPath: m_LocalEulerAnglesHint.x
      value: 0
      objectReference: {fileID: 0}
    - target: {fileID: 4777469181809006, guid: 2bd413b982191d54396bb381188bb4d0, type: 3}
      propertyPath: m_LocalEulerAnglesHint.y
      value: 0
      objectReference: {fileID: 0}
    - target: {fileID: 4777469181809006, guid: 2bd413b982191d54396bb381188bb4d0, type: 3}
      propertyPath: m_LocalEulerAnglesHint.z
      value: 0
      objectReference: {fileID: 0}
    m_RemovedComponents: []
  m_SourcePrefab: {fileID: 100100000, guid: 2bd413b982191d54396bb381188bb4d0, type: 3}
--- !u!1001 &560350846
PrefabInstance:
  m_ObjectHideFlags: 0
  serializedVersion: 2
  m_Modification:
    m_TransformParent: {fileID: 0}
    m_Modifications:
    - target: {fileID: 1327385724211766, guid: dc00aab85b301f242896a77c4b442ec0, type: 3}
      propertyPath: m_Name
      value: Tree_2
      objectReference: {fileID: 0}
    - target: {fileID: 4905684144481780, guid: dc00aab85b301f242896a77c4b442ec0, type: 3}
      propertyPath: m_RootOrder
      value: 7
      objectReference: {fileID: 0}
    - target: {fileID: 4905684144481780, guid: dc00aab85b301f242896a77c4b442ec0, type: 3}
      propertyPath: m_LocalPosition.x
      value: 8.190149
      objectReference: {fileID: 0}
    - target: {fileID: 4905684144481780, guid: dc00aab85b301f242896a77c4b442ec0, type: 3}
      propertyPath: m_LocalPosition.y
      value: 0.44374126
      objectReference: {fileID: 0}
    - target: {fileID: 4905684144481780, guid: dc00aab85b301f242896a77c4b442ec0, type: 3}
      propertyPath: m_LocalPosition.z
      value: -5.536849
      objectReference: {fileID: 0}
    - target: {fileID: 4905684144481780, guid: dc00aab85b301f242896a77c4b442ec0, type: 3}
      propertyPath: m_LocalRotation.w
      value: 1
      objectReference: {fileID: 0}
    - target: {fileID: 4905684144481780, guid: dc00aab85b301f242896a77c4b442ec0, type: 3}
      propertyPath: m_LocalRotation.x
      value: 0
      objectReference: {fileID: 0}
    - target: {fileID: 4905684144481780, guid: dc00aab85b301f242896a77c4b442ec0, type: 3}
      propertyPath: m_LocalRotation.y
      value: 0
      objectReference: {fileID: 0}
    - target: {fileID: 4905684144481780, guid: dc00aab85b301f242896a77c4b442ec0, type: 3}
      propertyPath: m_LocalRotation.z
      value: 0
      objectReference: {fileID: 0}
    - target: {fileID: 4905684144481780, guid: dc00aab85b301f242896a77c4b442ec0, type: 3}
      propertyPath: m_LocalEulerAnglesHint.x
      value: 0
      objectReference: {fileID: 0}
    - target: {fileID: 4905684144481780, guid: dc00aab85b301f242896a77c4b442ec0, type: 3}
      propertyPath: m_LocalEulerAnglesHint.y
      value: 0
      objectReference: {fileID: 0}
    - target: {fileID: 4905684144481780, guid: dc00aab85b301f242896a77c4b442ec0, type: 3}
      propertyPath: m_LocalEulerAnglesHint.z
      value: 0
      objectReference: {fileID: 0}
    - target: {fileID: 23072036573470650, guid: dc00aab85b301f242896a77c4b442ec0, type: 3}
      propertyPath: m_Materials.Array.data[0]
      value: 
      objectReference: {fileID: 2100000, guid: 50f27939f1ba130428274fee828f4aa5, type: 2}
    - target: {fileID: 23271817832174456, guid: dc00aab85b301f242896a77c4b442ec0, type: 3}
      propertyPath: m_Materials.Array.data[0]
      value: 
      objectReference: {fileID: 2100000, guid: 50f27939f1ba130428274fee828f4aa5, type: 2}
    - target: {fileID: 23285803129993140, guid: dc00aab85b301f242896a77c4b442ec0, type: 3}
      propertyPath: m_Materials.Array.data[0]
      value: 
      objectReference: {fileID: 2100000, guid: 50f27939f1ba130428274fee828f4aa5, type: 2}
    - target: {fileID: 23610091629715690, guid: dc00aab85b301f242896a77c4b442ec0, type: 3}
      propertyPath: m_Materials.Array.data[0]
      value: 
      objectReference: {fileID: 2100000, guid: 50f27939f1ba130428274fee828f4aa5, type: 2}
    - target: {fileID: 23652299048617498, guid: dc00aab85b301f242896a77c4b442ec0, type: 3}
      propertyPath: m_Materials.Array.data[0]
      value: 
      objectReference: {fileID: 2100000, guid: 50f27939f1ba130428274fee828f4aa5, type: 2}
    m_RemovedComponents: []
  m_SourcePrefab: {fileID: 100100000, guid: dc00aab85b301f242896a77c4b442ec0, type: 3}
--- !u!1001 &615452139
PrefabInstance:
  m_ObjectHideFlags: 0
  serializedVersion: 2
  m_Modification:
    m_TransformParent: {fileID: 0}
    m_Modifications:
    - target: {fileID: 1928822907758636, guid: 4dcb45769932d8b449fc6523626179be, type: 3}
      propertyPath: m_Name
      value: Plant_2
      objectReference: {fileID: 0}
    - target: {fileID: 4109027472145070, guid: 4dcb45769932d8b449fc6523626179be, type: 3}
      propertyPath: m_RootOrder
      value: 9
      objectReference: {fileID: 0}
    - target: {fileID: 4109027472145070, guid: 4dcb45769932d8b449fc6523626179be, type: 3}
      propertyPath: m_LocalPosition.x
      value: 8.22
      objectReference: {fileID: 0}
    - target: {fileID: 4109027472145070, guid: 4dcb45769932d8b449fc6523626179be, type: 3}
      propertyPath: m_LocalPosition.y
      value: 0.44213405
      objectReference: {fileID: 0}
    - target: {fileID: 4109027472145070, guid: 4dcb45769932d8b449fc6523626179be, type: 3}
      propertyPath: m_LocalPosition.z
      value: 7.147901
      objectReference: {fileID: 0}
    - target: {fileID: 4109027472145070, guid: 4dcb45769932d8b449fc6523626179be, type: 3}
      propertyPath: m_LocalRotation.w
      value: 1
      objectReference: {fileID: 0}
    - target: {fileID: 4109027472145070, guid: 4dcb45769932d8b449fc6523626179be, type: 3}
      propertyPath: m_LocalRotation.x
      value: -0.00000003774895
      objectReference: {fileID: 0}
    - target: {fileID: 4109027472145070, guid: 4dcb45769932d8b449fc6523626179be, type: 3}
      propertyPath: m_LocalRotation.y
      value: 0
      objectReference: {fileID: 0}
    - target: {fileID: 4109027472145070, guid: 4dcb45769932d8b449fc6523626179be, type: 3}
      propertyPath: m_LocalRotation.z
      value: -0
      objectReference: {fileID: 0}
    - target: {fileID: 4109027472145070, guid: 4dcb45769932d8b449fc6523626179be, type: 3}
      propertyPath: m_LocalEulerAnglesHint.x
      value: 0
      objectReference: {fileID: 0}
    - target: {fileID: 4109027472145070, guid: 4dcb45769932d8b449fc6523626179be, type: 3}
      propertyPath: m_LocalEulerAnglesHint.y
      value: 0
      objectReference: {fileID: 0}
    - target: {fileID: 4109027472145070, guid: 4dcb45769932d8b449fc6523626179be, type: 3}
      propertyPath: m_LocalEulerAnglesHint.z
      value: 0
      objectReference: {fileID: 0}
    - target: {fileID: 23755538523196080, guid: 4dcb45769932d8b449fc6523626179be, type: 3}
      propertyPath: m_Materials.Array.data[1]
      value: 
      objectReference: {fileID: 2100000, guid: 35efd64ed4769b8459707c2739efe32a, type: 2}
    m_RemovedComponents: []
  m_SourcePrefab: {fileID: 100100000, guid: 4dcb45769932d8b449fc6523626179be, type: 3}
--- !u!1 &705507993
GameObject:
  m_ObjectHideFlags: 0
  m_CorrespondingSourceObject: {fileID: 0}
  m_PrefabInstance: {fileID: 0}
  m_PrefabAsset: {fileID: 0}
  serializedVersion: 6
  m_Component:
  - component: {fileID: 705507995}
  - component: {fileID: 705507994}
  m_Layer: 0
  m_Name: Directional Light
  m_TagString: Untagged
  m_Icon: {fileID: 0}
  m_NavMeshLayer: 0
  m_StaticEditorFlags: 0
  m_IsActive: 1
--- !u!108 &705507994
Light:
  m_ObjectHideFlags: 0
  m_CorrespondingSourceObject: {fileID: 0}
  m_PrefabInstance: {fileID: 0}
  m_PrefabAsset: {fileID: 0}
  m_GameObject: {fileID: 705507993}
  m_Enabled: 1
  serializedVersion: 10
  m_Type: 1
  m_Shape: 0
  m_Color: {r: 1, g: 0.95686275, b: 0.8392157, a: 1}
  m_Intensity: 1
  m_Range: 10
  m_SpotAngle: 30
  m_InnerSpotAngle: 21.80208
  m_CookieSize: 10
  m_Shadows:
    m_Type: 2
    m_Resolution: -1
    m_CustomResolution: -1
    m_Strength: 1
    m_Bias: 0.05
    m_NormalBias: 0.4
    m_NearPlane: 0.2
    m_CullingMatrixOverride:
      e00: 1
      e01: 0
      e02: 0
      e03: 0
      e10: 0
      e11: 1
      e12: 0
      e13: 0
      e20: 0
      e21: 0
      e22: 1
      e23: 0
      e30: 0
      e31: 0
      e32: 0
      e33: 1
    m_UseCullingMatrixOverride: 0
  m_Cookie: {fileID: 0}
  m_DrawHalo: 0
  m_Flare: {fileID: 0}
  m_RenderMode: 0
  m_CullingMask:
    serializedVersion: 2
    m_Bits: 4294967295
  m_RenderingLayerMask: 1
  m_Lightmapping: 1
  m_LightShadowCasterMode: 0
  m_AreaSize: {x: 1, y: 1}
  m_BounceIntensity: 1
  m_ColorTemperature: 6570
  m_UseColorTemperature: 0
  m_BoundingSphereOverride: {x: 0, y: 0, z: 0, w: 0}
  m_UseBoundingSphereOverride: 0
  m_UseViewFrustumForShadowCasterCull: 1
  m_ShadowRadius: 0
  m_ShadowAngle: 0
--- !u!4 &705507995
Transform:
  m_ObjectHideFlags: 0
  m_CorrespondingSourceObject: {fileID: 0}
  m_PrefabInstance: {fileID: 0}
  m_PrefabAsset: {fileID: 0}
  m_GameObject: {fileID: 705507993}
  m_LocalRotation: {x: 0.40821788, y: -0.23456968, z: 0.10938163, w: 0.8754261}
  m_LocalPosition: {x: 0, y: 3, z: 0}
  m_LocalScale: {x: 1, y: 1, z: 1}
  m_Children: []
  m_Father: {fileID: 0}
  m_RootOrder: 12
  m_LocalEulerAnglesHint: {x: 50, y: -30, z: 0}
--- !u!1001 &738910499
PrefabInstance:
  m_ObjectHideFlags: 0
  serializedVersion: 2
  m_Modification:
    m_TransformParent: {fileID: 0}
    m_Modifications:
    - target: {fileID: 154160, guid: d1f03074e612bbd4b84736d2d7aee882, type: 3}
      propertyPath: m_Name
      value: Water_plane
      objectReference: {fileID: 0}
    - target: {fileID: 436524, guid: d1f03074e612bbd4b84736d2d7aee882, type: 3}
      propertyPath: m_RootOrder
      value: 11
      objectReference: {fileID: 0}
    - target: {fileID: 436524, guid: d1f03074e612bbd4b84736d2d7aee882, type: 3}
      propertyPath: m_LocalScale.x
      value: 100
      objectReference: {fileID: 0}
    - target: {fileID: 436524, guid: d1f03074e612bbd4b84736d2d7aee882, type: 3}
      propertyPath: m_LocalScale.y
      value: 1
      objectReference: {fileID: 0}
    - target: {fileID: 436524, guid: d1f03074e612bbd4b84736d2d7aee882, type: 3}
      propertyPath: m_LocalScale.z
      value: 100
      objectReference: {fileID: 0}
    - target: {fileID: 436524, guid: d1f03074e612bbd4b84736d2d7aee882, type: 3}
      propertyPath: m_LocalPosition.x
      value: 0
      objectReference: {fileID: 0}
    - target: {fileID: 436524, guid: d1f03074e612bbd4b84736d2d7aee882, type: 3}
      propertyPath: m_LocalPosition.y
      value: 0
      objectReference: {fileID: 0}
    - target: {fileID: 436524, guid: d1f03074e612bbd4b84736d2d7aee882, type: 3}
      propertyPath: m_LocalPosition.z
      value: 0
      objectReference: {fileID: 0}
    - target: {fileID: 436524, guid: d1f03074e612bbd4b84736d2d7aee882, type: 3}
      propertyPath: m_LocalRotation.w
      value: 1
      objectReference: {fileID: 0}
    - target: {fileID: 436524, guid: d1f03074e612bbd4b84736d2d7aee882, type: 3}
      propertyPath: m_LocalRotation.x
      value: 0
      objectReference: {fileID: 0}
    - target: {fileID: 436524, guid: d1f03074e612bbd4b84736d2d7aee882, type: 3}
      propertyPath: m_LocalRotation.y
      value: 0
      objectReference: {fileID: 0}
    - target: {fileID: 436524, guid: d1f03074e612bbd4b84736d2d7aee882, type: 3}
      propertyPath: m_LocalRotation.z
      value: 0
      objectReference: {fileID: 0}
    - target: {fileID: 436524, guid: d1f03074e612bbd4b84736d2d7aee882, type: 3}
      propertyPath: m_LocalEulerAnglesHint.x
      value: 0
      objectReference: {fileID: 0}
    - target: {fileID: 436524, guid: d1f03074e612bbd4b84736d2d7aee882, type: 3}
      propertyPath: m_LocalEulerAnglesHint.y
      value: 0
      objectReference: {fileID: 0}
    - target: {fileID: 436524, guid: d1f03074e612bbd4b84736d2d7aee882, type: 3}
      propertyPath: m_LocalEulerAnglesHint.z
      value: 0
      objectReference: {fileID: 0}
    - target: {fileID: 2363734, guid: d1f03074e612bbd4b84736d2d7aee882, type: 3}
      propertyPath: m_Materials.Array.data[0]
      value: 
      objectReference: {fileID: 2100000, guid: 673e50532d2588946816851dfa32a1f6, type: 2}
    - target: {fileID: 114182925583747938, guid: d1f03074e612bbd4b84736d2d7aee882, type: 3}
      propertyPath: m_Enabled
      value: 0
      objectReference: {fileID: 0}
    - target: {fileID: 114182925583747938, guid: d1f03074e612bbd4b84736d2d7aee882, type: 3}
      propertyPath: tileScale
      value: 0.01
      objectReference: {fileID: 0}
    - target: {fileID: 114218260579059578, guid: d1f03074e612bbd4b84736d2d7aee882, type: 3}
      propertyPath: scrollSpeed
      value: 0.02
      objectReference: {fileID: 0}
    m_RemovedComponents:
    - {fileID: 114182925583747938, guid: d1f03074e612bbd4b84736d2d7aee882, type: 3}
  m_SourcePrefab: {fileID: 100100000, guid: d1f03074e612bbd4b84736d2d7aee882, type: 3}
--- !u!1001 &791488640
PrefabInstance:
  m_ObjectHideFlags: 0
  serializedVersion: 2
  m_Modification:
    m_TransformParent: {fileID: 0}
    m_Modifications:
    - target: {fileID: 1862922641584384, guid: fd4804b84d34a784ea6831ede116af4c, type: 3}
      propertyPath: m_Name
      value: Plant_5 (4)
      objectReference: {fileID: 0}
    - target: {fileID: 4925868257544670, guid: fd4804b84d34a784ea6831ede116af4c, type: 3}
      propertyPath: m_RootOrder
      value: 18
      objectReference: {fileID: 0}
    - target: {fileID: 4925868257544670, guid: fd4804b84d34a784ea6831ede116af4c, type: 3}
      propertyPath: m_LocalPosition.x
      value: 6.19
      objectReference: {fileID: 0}
    - target: {fileID: 4925868257544670, guid: fd4804b84d34a784ea6831ede116af4c, type: 3}
      propertyPath: m_LocalPosition.y
      value: 0.43845958
      objectReference: {fileID: 0}
    - target: {fileID: 4925868257544670, guid: fd4804b84d34a784ea6831ede116af4c, type: 3}
      propertyPath: m_LocalPosition.z
      value: -3.71
      objectReference: {fileID: 0}
    - target: {fileID: 4925868257544670, guid: fd4804b84d34a784ea6831ede116af4c, type: 3}
      propertyPath: m_LocalRotation.w
      value: 1
      objectReference: {fileID: 0}
    - target: {fileID: 4925868257544670, guid: fd4804b84d34a784ea6831ede116af4c, type: 3}
      propertyPath: m_LocalRotation.x
      value: -0.00000003774895
      objectReference: {fileID: 0}
    - target: {fileID: 4925868257544670, guid: fd4804b84d34a784ea6831ede116af4c, type: 3}
      propertyPath: m_LocalRotation.y
      value: 0
      objectReference: {fileID: 0}
    - target: {fileID: 4925868257544670, guid: fd4804b84d34a784ea6831ede116af4c, type: 3}
      propertyPath: m_LocalRotation.z
      value: -0
      objectReference: {fileID: 0}
    - target: {fileID: 4925868257544670, guid: fd4804b84d34a784ea6831ede116af4c, type: 3}
      propertyPath: m_LocalEulerAnglesHint.x
      value: 0
      objectReference: {fileID: 0}
    - target: {fileID: 4925868257544670, guid: fd4804b84d34a784ea6831ede116af4c, type: 3}
      propertyPath: m_LocalEulerAnglesHint.y
      value: 0
      objectReference: {fileID: 0}
    - target: {fileID: 4925868257544670, guid: fd4804b84d34a784ea6831ede116af4c, type: 3}
      propertyPath: m_LocalEulerAnglesHint.z
      value: 0
      objectReference: {fileID: 0}
    m_RemovedComponents: []
  m_SourcePrefab: {fileID: 100100000, guid: fd4804b84d34a784ea6831ede116af4c, type: 3}
--- !u!1001 &869934989
PrefabInstance:
  m_ObjectHideFlags: 0
  serializedVersion: 2
  m_Modification:
    m_TransformParent: {fileID: 0}
    m_Modifications:
    - target: {fileID: 1228419803925864, guid: 21cba551342e0284a87bcb1672a662d2, type: 3}
      propertyPath: m_Name
      value: Plant_6 (2)
      objectReference: {fileID: 0}
    - target: {fileID: 4508970561002598, guid: 21cba551342e0284a87bcb1672a662d2, type: 3}
      propertyPath: m_RootOrder
      value: 21
      objectReference: {fileID: 0}
    - target: {fileID: 4508970561002598, guid: 21cba551342e0284a87bcb1672a662d2, type: 3}
      propertyPath: m_LocalPosition.x
      value: 5.31
      objectReference: {fileID: 0}
    - target: {fileID: 4508970561002598, guid: 21cba551342e0284a87bcb1672a662d2, type: 3}
      propertyPath: m_LocalPosition.y
      value: 0.3376095
      objectReference: {fileID: 0}
    - target: {fileID: 4508970561002598, guid: 21cba551342e0284a87bcb1672a662d2, type: 3}
      propertyPath: m_LocalPosition.z
      value: 1.5
      objectReference: {fileID: 0}
    - target: {fileID: 4508970561002598, guid: 21cba551342e0284a87bcb1672a662d2, type: 3}
      propertyPath: m_LocalRotation.w
      value: 1
      objectReference: {fileID: 0}
    - target: {fileID: 4508970561002598, guid: 21cba551342e0284a87bcb1672a662d2, type: 3}
      propertyPath: m_LocalRotation.x
      value: -0.00000003774895
      objectReference: {fileID: 0}
    - target: {fileID: 4508970561002598, guid: 21cba551342e0284a87bcb1672a662d2, type: 3}
      propertyPath: m_LocalRotation.y
      value: 0
      objectReference: {fileID: 0}
    - target: {fileID: 4508970561002598, guid: 21cba551342e0284a87bcb1672a662d2, type: 3}
      propertyPath: m_LocalRotation.z
      value: -0
      objectReference: {fileID: 0}
    - target: {fileID: 4508970561002598, guid: 21cba551342e0284a87bcb1672a662d2, type: 3}
      propertyPath: m_LocalEulerAnglesHint.x
      value: 0
      objectReference: {fileID: 0}
    - target: {fileID: 4508970561002598, guid: 21cba551342e0284a87bcb1672a662d2, type: 3}
      propertyPath: m_LocalEulerAnglesHint.y
      value: 0
      objectReference: {fileID: 0}
    - target: {fileID: 4508970561002598, guid: 21cba551342e0284a87bcb1672a662d2, type: 3}
      propertyPath: m_LocalEulerAnglesHint.z
      value: 0
      objectReference: {fileID: 0}
    m_RemovedComponents: []
  m_SourcePrefab: {fileID: 100100000, guid: 21cba551342e0284a87bcb1672a662d2, type: 3}
--- !u!1 &963194225
GameObject:
  m_ObjectHideFlags: 0
  m_CorrespondingSourceObject: {fileID: 0}
  m_PrefabInstance: {fileID: 0}
  m_PrefabAsset: {fileID: 0}
  serializedVersion: 6
  m_Component:
  - component: {fileID: 963194228}
  - component: {fileID: 963194227}
  - component: {fileID: 963194226}
  - component: {fileID: 963194229}
  m_Layer: 0
  m_Name: Main Camera
  m_TagString: MainCamera
  m_Icon: {fileID: 0}
  m_NavMeshLayer: 0
  m_StaticEditorFlags: 0
  m_IsActive: 1
--- !u!81 &963194226
AudioListener:
  m_ObjectHideFlags: 0
  m_CorrespondingSourceObject: {fileID: 0}
  m_PrefabInstance: {fileID: 0}
  m_PrefabAsset: {fileID: 0}
  m_GameObject: {fileID: 963194225}
  m_Enabled: 0
--- !u!20 &963194227
Camera:
  m_ObjectHideFlags: 0
  m_CorrespondingSourceObject: {fileID: 0}
  m_PrefabInstance: {fileID: 0}
  m_PrefabAsset: {fileID: 0}
  m_GameObject: {fileID: 963194225}
  m_Enabled: 1
  serializedVersion: 2
  m_ClearFlags: 1
  m_BackGroundColor: {r: 0.19215687, g: 0.3019608, b: 0.4745098, a: 0}
  m_projectionMatrixMode: 1
  m_GateFitMode: 2
  m_FOVAxisMode: 0
  m_SensorSize: {x: 36, y: 24}
  m_LensShift: {x: 0, y: 0}
  m_FocalLength: 50
  m_NormalizedViewPortRect:
    serializedVersion: 2
    x: 0
    y: 0
    width: 1
    height: 1
  near clip plane: 0.3
  far clip plane: 1000
  field of view: 65.88662
  orthographic: 0
  orthographic size: 5
  m_Depth: -1
  m_CullingMask:
    serializedVersion: 2
    m_Bits: 4294967295
  m_RenderingPath: -1
  m_TargetTexture: {fileID: 0}
  m_TargetDisplay: 0
  m_TargetEye: 3
  m_HDR: 1
  m_AllowMSAA: 1
  m_AllowDynamicResolution: 0
  m_ForceIntoRT: 0
  m_OcclusionCulling: 1
  m_StereoConvergence: 10
  m_StereoSeparation: 0.022
--- !u!4 &963194228
Transform:
  m_ObjectHideFlags: 0
  m_CorrespondingSourceObject: {fileID: 0}
  m_PrefabInstance: {fileID: 0}
  m_PrefabAsset: {fileID: 0}
  m_GameObject: {fileID: 963194225}
  m_LocalRotation: {x: 0, y: 0, z: 0, w: 1}
  m_LocalPosition: {x: 0.02, y: 3.59, z: -1.03}
  m_LocalScale: {x: 1, y: 1, z: 1}
  m_Children: []
  m_Father: {fileID: 0}
  m_RootOrder: 0
  m_LocalEulerAnglesHint: {x: 0, y: 0, z: 0}
--- !u!45 &963194229
Skybox:
  m_ObjectHideFlags: 0
  m_CorrespondingSourceObject: {fileID: 0}
  m_PrefabInstance: {fileID: 0}
  m_PrefabAsset: {fileID: 0}
  m_GameObject: {fileID: 963194225}
  m_Enabled: 1
  m_CustomSkybox: {fileID: 2100000, guid: c835c13bf74649c48916d779ec98276b, type: 2}
--- !u!1001 &984920510
PrefabInstance:
  m_ObjectHideFlags: 0
  serializedVersion: 2
  m_Modification:
    m_TransformParent: {fileID: 0}
    m_Modifications:
    - target: {fileID: 1327385724211766, guid: dc00aab85b301f242896a77c4b442ec0, type: 3}
      propertyPath: m_Name
      value: Tree_2 (1)
      objectReference: {fileID: 0}
    - target: {fileID: 4905684144481780, guid: dc00aab85b301f242896a77c4b442ec0, type: 3}
      propertyPath: m_RootOrder
      value: 6
      objectReference: {fileID: 0}
    - target: {fileID: 4905684144481780, guid: dc00aab85b301f242896a77c4b442ec0, type: 3}
      propertyPath: m_LocalPosition.x
      value: -3.4271069
      objectReference: {fileID: 0}
    - target: {fileID: 4905684144481780, guid: dc00aab85b301f242896a77c4b442ec0, type: 3}
      propertyPath: m_LocalPosition.y
      value: 0.43257505
      objectReference: {fileID: 0}
    - target: {fileID: 4905684144481780, guid: dc00aab85b301f242896a77c4b442ec0, type: 3}
      propertyPath: m_LocalPosition.z
      value: 5.8495207
      objectReference: {fileID: 0}
    - target: {fileID: 4905684144481780, guid: dc00aab85b301f242896a77c4b442ec0, type: 3}
      propertyPath: m_LocalRotation.w
      value: 1
      objectReference: {fileID: 0}
    - target: {fileID: 4905684144481780, guid: dc00aab85b301f242896a77c4b442ec0, type: 3}
      propertyPath: m_LocalRotation.x
      value: 0
      objectReference: {fileID: 0}
    - target: {fileID: 4905684144481780, guid: dc00aab85b301f242896a77c4b442ec0, type: 3}
      propertyPath: m_LocalRotation.y
      value: 0
      objectReference: {fileID: 0}
    - target: {fileID: 4905684144481780, guid: dc00aab85b301f242896a77c4b442ec0, type: 3}
      propertyPath: m_LocalRotation.z
      value: 0
      objectReference: {fileID: 0}
    - target: {fileID: 4905684144481780, guid: dc00aab85b301f242896a77c4b442ec0, type: 3}
      propertyPath: m_LocalEulerAnglesHint.x
      value: 0
      objectReference: {fileID: 0}
    - target: {fileID: 4905684144481780, guid: dc00aab85b301f242896a77c4b442ec0, type: 3}
      propertyPath: m_LocalEulerAnglesHint.y
      value: 0
      objectReference: {fileID: 0}
    - target: {fileID: 4905684144481780, guid: dc00aab85b301f242896a77c4b442ec0, type: 3}
      propertyPath: m_LocalEulerAnglesHint.z
      value: 0
      objectReference: {fileID: 0}
    - target: {fileID: 23072036573470650, guid: dc00aab85b301f242896a77c4b442ec0, type: 3}
      propertyPath: m_Materials.Array.data[0]
      value: 
      objectReference: {fileID: 2100000, guid: 50f27939f1ba130428274fee828f4aa5, type: 2}
    - target: {fileID: 23271817832174456, guid: dc00aab85b301f242896a77c4b442ec0, type: 3}
      propertyPath: m_Materials.Array.data[0]
      value: 
      objectReference: {fileID: 2100000, guid: 50f27939f1ba130428274fee828f4aa5, type: 2}
    - target: {fileID: 23285803129993140, guid: dc00aab85b301f242896a77c4b442ec0, type: 3}
      propertyPath: m_Materials.Array.data[0]
      value: 
      objectReference: {fileID: 2100000, guid: 50f27939f1ba130428274fee828f4aa5, type: 2}
    - target: {fileID: 23610091629715690, guid: dc00aab85b301f242896a77c4b442ec0, type: 3}
      propertyPath: m_Materials.Array.data[0]
      value: 
      objectReference: {fileID: 2100000, guid: 50f27939f1ba130428274fee828f4aa5, type: 2}
    - target: {fileID: 23652299048617498, guid: dc00aab85b301f242896a77c4b442ec0, type: 3}
      propertyPath: m_Materials.Array.data[0]
      value: 
      objectReference: {fileID: 2100000, guid: 50f27939f1ba130428274fee828f4aa5, type: 2}
    m_RemovedComponents: []
  m_SourcePrefab: {fileID: 100100000, guid: dc00aab85b301f242896a77c4b442ec0, type: 3}
--- !u!1001 &997009003
PrefabInstance:
  m_ObjectHideFlags: 0
  serializedVersion: 2
  m_Modification:
    m_TransformParent: {fileID: 0}
    m_Modifications:
    - target: {fileID: 1862922641584384, guid: fd4804b84d34a784ea6831ede116af4c, type: 3}
      propertyPath: m_Name
      value: Plant_5 (1)
      objectReference: {fileID: 0}
    - target: {fileID: 4925868257544670, guid: fd4804b84d34a784ea6831ede116af4c, type: 3}
      propertyPath: m_RootOrder
      value: 15
      objectReference: {fileID: 0}
    - target: {fileID: 4925868257544670, guid: fd4804b84d34a784ea6831ede116af4c, type: 3}
      propertyPath: m_LocalPosition.x
      value: 3.9558377
      objectReference: {fileID: 0}
    - target: {fileID: 4925868257544670, guid: fd4804b84d34a784ea6831ede116af4c, type: 3}
      propertyPath: m_LocalPosition.y
      value: 0.43845958
      objectReference: {fileID: 0}
    - target: {fileID: 4925868257544670, guid: fd4804b84d34a784ea6831ede116af4c, type: 3}
      propertyPath: m_LocalPosition.z
      value: -3.87
      objectReference: {fileID: 0}
    - target: {fileID: 4925868257544670, guid: fd4804b84d34a784ea6831ede116af4c, type: 3}
      propertyPath: m_LocalRotation.w
      value: 1
      objectReference: {fileID: 0}
    - target: {fileID: 4925868257544670, guid: fd4804b84d34a784ea6831ede116af4c, type: 3}
      propertyPath: m_LocalRotation.x
      value: -0.00000003774895
      objectReference: {fileID: 0}
    - target: {fileID: 4925868257544670, guid: fd4804b84d34a784ea6831ede116af4c, type: 3}
      propertyPath: m_LocalRotation.y
      value: 0
      objectReference: {fileID: 0}
    - target: {fileID: 4925868257544670, guid: fd4804b84d34a784ea6831ede116af4c, type: 3}
      propertyPath: m_LocalRotation.z
      value: -0
      objectReference: {fileID: 0}
    - target: {fileID: 4925868257544670, guid: fd4804b84d34a784ea6831ede116af4c, type: 3}
      propertyPath: m_LocalEulerAnglesHint.x
      value: 0
      objectReference: {fileID: 0}
    - target: {fileID: 4925868257544670, guid: fd4804b84d34a784ea6831ede116af4c, type: 3}
      propertyPath: m_LocalEulerAnglesHint.y
      value: 0
      objectReference: {fileID: 0}
    - target: {fileID: 4925868257544670, guid: fd4804b84d34a784ea6831ede116af4c, type: 3}
      propertyPath: m_LocalEulerAnglesHint.z
      value: 0
      objectReference: {fileID: 0}
    m_RemovedComponents: []
  m_SourcePrefab: {fileID: 100100000, guid: fd4804b84d34a784ea6831ede116af4c, type: 3}
--- !u!1001 &1233452080
PrefabInstance:
  m_ObjectHideFlags: 0
  serializedVersion: 2
  m_Modification:
    m_TransformParent: {fileID: 0}
    m_Modifications:
    - target: {fileID: 1862922641584384, guid: fd4804b84d34a784ea6831ede116af4c, type: 3}
      propertyPath: m_Name
      value: Plant_5 (5)
      objectReference: {fileID: 0}
    - target: {fileID: 4925868257544670, guid: fd4804b84d34a784ea6831ede116af4c, type: 3}
      propertyPath: m_RootOrder
      value: 19
      objectReference: {fileID: 0}
    - target: {fileID: 4925868257544670, guid: fd4804b84d34a784ea6831ede116af4c, type: 3}
      propertyPath: m_LocalPosition.x
      value: 6.19
      objectReference: {fileID: 0}
    - target: {fileID: 4925868257544670, guid: fd4804b84d34a784ea6831ede116af4c, type: 3}
      propertyPath: m_LocalPosition.y
      value: 0.43845958
      objectReference: {fileID: 0}
    - target: {fileID: 4925868257544670, guid: fd4804b84d34a784ea6831ede116af4c, type: 3}
      propertyPath: m_LocalPosition.z
      value: -2.39
      objectReference: {fileID: 0}
    - target: {fileID: 4925868257544670, guid: fd4804b84d34a784ea6831ede116af4c, type: 3}
      propertyPath: m_LocalRotation.w
      value: 1
      objectReference: {fileID: 0}
    - target: {fileID: 4925868257544670, guid: fd4804b84d34a784ea6831ede116af4c, type: 3}
      propertyPath: m_LocalRotation.x
      value: -0.00000003774895
      objectReference: {fileID: 0}
    - target: {fileID: 4925868257544670, guid: fd4804b84d34a784ea6831ede116af4c, type: 3}
      propertyPath: m_LocalRotation.y
      value: 0
      objectReference: {fileID: 0}
    - target: {fileID: 4925868257544670, guid: fd4804b84d34a784ea6831ede116af4c, type: 3}
      propertyPath: m_LocalRotation.z
      value: -0
      objectReference: {fileID: 0}
    - target: {fileID: 4925868257544670, guid: fd4804b84d34a784ea6831ede116af4c, type: 3}
      propertyPath: m_LocalEulerAnglesHint.x
      value: 0
      objectReference: {fileID: 0}
    - target: {fileID: 4925868257544670, guid: fd4804b84d34a784ea6831ede116af4c, type: 3}
      propertyPath: m_LocalEulerAnglesHint.y
      value: 0
      objectReference: {fileID: 0}
    - target: {fileID: 4925868257544670, guid: fd4804b84d34a784ea6831ede116af4c, type: 3}
      propertyPath: m_LocalEulerAnglesHint.z
      value: 0
      objectReference: {fileID: 0}
    m_RemovedComponents: []
  m_SourcePrefab: {fileID: 100100000, guid: fd4804b84d34a784ea6831ede116af4c, type: 3}
--- !u!1001 &1293196531
PrefabInstance:
  m_ObjectHideFlags: 0
  serializedVersion: 2
  m_Modification:
    m_TransformParent: {fileID: 0}
    m_Modifications:
    - target: {fileID: 1978445070297066, guid: 4983f395b2610de4e9f688a87bbd9af9, type: 3}
      propertyPath: m_Name
      value: Rock_2
      objectReference: {fileID: 0}
    - target: {fileID: 4646933745565138, guid: 4983f395b2610de4e9f688a87bbd9af9, type: 3}
      propertyPath: m_RootOrder
      value: 3
      objectReference: {fileID: 0}
    - target: {fileID: 4646933745565138, guid: 4983f395b2610de4e9f688a87bbd9af9, type: 3}
      propertyPath: m_LocalPosition.x
      value: 2.32
      objectReference: {fileID: 0}
    - target: {fileID: 4646933745565138, guid: 4983f395b2610de4e9f688a87bbd9af9, type: 3}
      propertyPath: m_LocalPosition.y
      value: 1.47
      objectReference: {fileID: 0}
    - target: {fileID: 4646933745565138, guid: 4983f395b2610de4e9f688a87bbd9af9, type: 3}
      propertyPath: m_LocalPosition.z
      value: -0.2
      objectReference: {fileID: 0}
    - target: {fileID: 4646933745565138, guid: 4983f395b2610de4e9f688a87bbd9af9, type: 3}
      propertyPath: m_LocalRotation.w
      value: 1
      objectReference: {fileID: 0}
    - target: {fileID: 4646933745565138, guid: 4983f395b2610de4e9f688a87bbd9af9, type: 3}
      propertyPath: m_LocalRotation.x
      value: 0.000000021855694
      objectReference: {fileID: 0}
    - target: {fileID: 4646933745565138, guid: 4983f395b2610de4e9f688a87bbd9af9, type: 3}
      propertyPath: m_LocalRotation.y
      value: 0
      objectReference: {fileID: 0}
    - target: {fileID: 4646933745565138, guid: 4983f395b2610de4e9f688a87bbd9af9, type: 3}
      propertyPath: m_LocalRotation.z
      value: -0
      objectReference: {fileID: 0}
    - target: {fileID: 4646933745565138, guid: 4983f395b2610de4e9f688a87bbd9af9, type: 3}
      propertyPath: m_LocalEulerAnglesHint.x
      value: 0
      objectReference: {fileID: 0}
    - target: {fileID: 4646933745565138, guid: 4983f395b2610de4e9f688a87bbd9af9, type: 3}
      propertyPath: m_LocalEulerAnglesHint.y
      value: 0
      objectReference: {fileID: 0}
    - target: {fileID: 4646933745565138, guid: 4983f395b2610de4e9f688a87bbd9af9, type: 3}
      propertyPath: m_LocalEulerAnglesHint.z
      value: 0
      objectReference: {fileID: 0}
    m_RemovedComponents: []
  m_SourcePrefab: {fileID: 100100000, guid: 4983f395b2610de4e9f688a87bbd9af9, type: 3}
--- !u!1001 &1498378090
PrefabInstance:
  m_ObjectHideFlags: 0
  serializedVersion: 2
  m_Modification:
    m_TransformParent: {fileID: 0}
    m_Modifications:
    - target: {fileID: 1228419803925864, guid: 21cba551342e0284a87bcb1672a662d2, type: 3}
      propertyPath: m_Name
      value: Plant_6
      objectReference: {fileID: 0}
    - target: {fileID: 4508970561002598, guid: 21cba551342e0284a87bcb1672a662d2, type: 3}
      propertyPath: m_RootOrder
      value: 1
      objectReference: {fileID: 0}
    - target: {fileID: 4508970561002598, guid: 21cba551342e0284a87bcb1672a662d2, type: 3}
      propertyPath: m_LocalPosition.x
      value: 5.31
      objectReference: {fileID: 0}
    - target: {fileID: 4508970561002598, guid: 21cba551342e0284a87bcb1672a662d2, type: 3}
      propertyPath: m_LocalPosition.y
      value: 0.3376095
      objectReference: {fileID: 0}
    - target: {fileID: 4508970561002598, guid: 21cba551342e0284a87bcb1672a662d2, type: 3}
      propertyPath: m_LocalPosition.z
      value: -0.07667035
      objectReference: {fileID: 0}
    - target: {fileID: 4508970561002598, guid: 21cba551342e0284a87bcb1672a662d2, type: 3}
      propertyPath: m_LocalRotation.w
      value: 1
      objectReference: {fileID: 0}
    - target: {fileID: 4508970561002598, guid: 21cba551342e0284a87bcb1672a662d2, type: 3}
      propertyPath: m_LocalRotation.x
      value: -0.00000003774895
      objectReference: {fileID: 0}
    - target: {fileID: 4508970561002598, guid: 21cba551342e0284a87bcb1672a662d2, type: 3}
      propertyPath: m_LocalRotation.y
      value: 0
      objectReference: {fileID: 0}
    - target: {fileID: 4508970561002598, guid: 21cba551342e0284a87bcb1672a662d2, type: 3}
      propertyPath: m_LocalRotation.z
      value: -0
      objectReference: {fileID: 0}
    - target: {fileID: 4508970561002598, guid: 21cba551342e0284a87bcb1672a662d2, type: 3}
      propertyPath: m_LocalEulerAnglesHint.x
      value: 0
      objectReference: {fileID: 0}
    - target: {fileID: 4508970561002598, guid: 21cba551342e0284a87bcb1672a662d2, type: 3}
      propertyPath: m_LocalEulerAnglesHint.y
      value: 0
      objectReference: {fileID: 0}
    - target: {fileID: 4508970561002598, guid: 21cba551342e0284a87bcb1672a662d2, type: 3}
      propertyPath: m_LocalEulerAnglesHint.z
      value: 0
      objectReference: {fileID: 0}
    m_RemovedComponents: []
  m_SourcePrefab: {fileID: 100100000, guid: 21cba551342e0284a87bcb1672a662d2, type: 3}
--- !u!1001 &1630489821
PrefabInstance:
  m_ObjectHideFlags: 0
  serializedVersion: 2
  m_Modification:
    m_TransformParent: {fileID: 0}
    m_Modifications:
    - target: {fileID: 1862922641584384, guid: fd4804b84d34a784ea6831ede116af4c, type: 3}
      propertyPath: m_Name
      value: Plant_5
      objectReference: {fileID: 0}
    - target: {fileID: 4925868257544670, guid: fd4804b84d34a784ea6831ede116af4c, type: 3}
      propertyPath: m_RootOrder
      value: 2
      objectReference: {fileID: 0}
    - target: {fileID: 4925868257544670, guid: fd4804b84d34a784ea6831ede116af4c, type: 3}
      propertyPath: m_LocalPosition.x
      value: 3.9558377
      objectReference: {fileID: 0}
    - target: {fileID: 4925868257544670, guid: fd4804b84d34a784ea6831ede116af4c, type: 3}
      propertyPath: m_LocalPosition.y
      value: 0.43845958
      objectReference: {fileID: 0}
    - target: {fileID: 4925868257544670, guid: fd4804b84d34a784ea6831ede116af4c, type: 3}
      propertyPath: m_LocalPosition.z
      value: -5.06
      objectReference: {fileID: 0}
    - target: {fileID: 4925868257544670, guid: fd4804b84d34a784ea6831ede116af4c, type: 3}
      propertyPath: m_LocalRotation.w
      value: 1
      objectReference: {fileID: 0}
    - target: {fileID: 4925868257544670, guid: fd4804b84d34a784ea6831ede116af4c, type: 3}
      propertyPath: m_LocalRotation.x
      value: -0.00000003774895
      objectReference: {fileID: 0}
    - target: {fileID: 4925868257544670, guid: fd4804b84d34a784ea6831ede116af4c, type: 3}
      propertyPath: m_LocalRotation.y
      value: 0
      objectReference: {fileID: 0}
    - target: {fileID: 4925868257544670, guid: fd4804b84d34a784ea6831ede116af4c, type: 3}
      propertyPath: m_LocalRotation.z
      value: -0
      objectReference: {fileID: 0}
    - target: {fileID: 4925868257544670, guid: fd4804b84d34a784ea6831ede116af4c, type: 3}
      propertyPath: m_LocalEulerAnglesHint.x
      value: 0
      objectReference: {fileID: 0}
    - target: {fileID: 4925868257544670, guid: fd4804b84d34a784ea6831ede116af4c, type: 3}
      propertyPath: m_LocalEulerAnglesHint.y
      value: 0
      objectReference: {fileID: 0}
    - target: {fileID: 4925868257544670, guid: fd4804b84d34a784ea6831ede116af4c, type: 3}
      propertyPath: m_LocalEulerAnglesHint.z
      value: 0
      objectReference: {fileID: 0}
    m_RemovedComponents: []
  m_SourcePrefab: {fileID: 100100000, guid: fd4804b84d34a784ea6831ede116af4c, type: 3}
--- !u!1001 &1753968683
PrefabInstance:
  m_ObjectHideFlags: 0
  serializedVersion: 2
  m_Modification:
    m_TransformParent: {fileID: 0}
    m_Modifications:
    - target: {fileID: 1862922641584384, guid: fd4804b84d34a784ea6831ede116af4c, type: 3}
      propertyPath: m_Name
      value: Plant_5 (3)
      objectReference: {fileID: 0}
    - target: {fileID: 4925868257544670, guid: fd4804b84d34a784ea6831ede116af4c, type: 3}
      propertyPath: m_RootOrder
      value: 17
      objectReference: {fileID: 0}
    - target: {fileID: 4925868257544670, guid: fd4804b84d34a784ea6831ede116af4c, type: 3}
      propertyPath: m_LocalPosition.x
      value: 6.08
      objectReference: {fileID: 0}
    - target: {fileID: 4925868257544670, guid: fd4804b84d34a784ea6831ede116af4c, type: 3}
      propertyPath: m_LocalPosition.y
      value: 0.43845958
      objectReference: {fileID: 0}
    - target: {fileID: 4925868257544670, guid: fd4804b84d34a784ea6831ede116af4c, type: 3}
      propertyPath: m_LocalPosition.z
      value: -5.06
      objectReference: {fileID: 0}
    - target: {fileID: 4925868257544670, guid: fd4804b84d34a784ea6831ede116af4c, type: 3}
      propertyPath: m_LocalRotation.w
      value: 1
      objectReference: {fileID: 0}
    - target: {fileID: 4925868257544670, guid: fd4804b84d34a784ea6831ede116af4c, type: 3}
      propertyPath: m_LocalRotation.x
      value: -0.00000003774895
      objectReference: {fileID: 0}
    - target: {fileID: 4925868257544670, guid: fd4804b84d34a784ea6831ede116af4c, type: 3}
      propertyPath: m_LocalRotation.y
      value: 0
      objectReference: {fileID: 0}
    - target: {fileID: 4925868257544670, guid: fd4804b84d34a784ea6831ede116af4c, type: 3}
      propertyPath: m_LocalRotation.z
      value: -0
      objectReference: {fileID: 0}
    - target: {fileID: 4925868257544670, guid: fd4804b84d34a784ea6831ede116af4c, type: 3}
      propertyPath: m_LocalEulerAnglesHint.x
      value: 0
      objectReference: {fileID: 0}
    - target: {fileID: 4925868257544670, guid: fd4804b84d34a784ea6831ede116af4c, type: 3}
      propertyPath: m_LocalEulerAnglesHint.y
      value: 0
      objectReference: {fileID: 0}
    - target: {fileID: 4925868257544670, guid: fd4804b84d34a784ea6831ede116af4c, type: 3}
      propertyPath: m_LocalEulerAnglesHint.z
      value: 0
      objectReference: {fileID: 0}
    m_RemovedComponents: []
  m_SourcePrefab: {fileID: 100100000, guid: fd4804b84d34a784ea6831ede116af4c, type: 3}
--- !u!1001 &1769599109
PrefabInstance:
  m_ObjectHideFlags: 0
  serializedVersion: 2
  m_Modification:
    m_TransformParent: {fileID: 0}
    m_Modifications:
    - target: {fileID: 1337108901918474, guid: da41fd2967a439d409358c2214a5409e, type: 3}
      propertyPath: m_Name
      value: Rock_3
      objectReference: {fileID: 0}
    - target: {fileID: 4137486168269956, guid: da41fd2967a439d409358c2214a5409e, type: 3}
      propertyPath: m_RootOrder
      value: 4
      objectReference: {fileID: 0}
    - target: {fileID: 4137486168269956, guid: da41fd2967a439d409358c2214a5409e, type: 3}
      propertyPath: m_LocalPosition.x
      value: -8.58784
      objectReference: {fileID: 0}
    - target: {fileID: 4137486168269956, guid: da41fd2967a439d409358c2214a5409e, type: 3}
      propertyPath: m_LocalPosition.y
      value: 1.6570429
      objectReference: {fileID: 0}
    - target: {fileID: 4137486168269956, guid: da41fd2967a439d409358c2214a5409e, type: 3}
      propertyPath: m_LocalPosition.z
      value: 6.336852
      objectReference: {fileID: 0}
    - target: {fileID: 4137486168269956, guid: da41fd2967a439d409358c2214a5409e, type: 3}
      propertyPath: m_LocalRotation.w
      value: 1
      objectReference: {fileID: 0}
    - target: {fileID: 4137486168269956, guid: da41fd2967a439d409358c2214a5409e, type: 3}
      propertyPath: m_LocalRotation.x
      value: 0.000000021855694
      objectReference: {fileID: 0}
    - target: {fileID: 4137486168269956, guid: da41fd2967a439d409358c2214a5409e, type: 3}
      propertyPath: m_LocalRotation.y
      value: 0
      objectReference: {fileID: 0}
    - target: {fileID: 4137486168269956, guid: da41fd2967a439d409358c2214a5409e, type: 3}
      propertyPath: m_LocalRotation.z
      value: -0
      objectReference: {fileID: 0}
    - target: {fileID: 4137486168269956, guid: da41fd2967a439d409358c2214a5409e, type: 3}
      propertyPath: m_LocalEulerAnglesHint.x
      value: 0
      objectReference: {fileID: 0}
    - target: {fileID: 4137486168269956, guid: da41fd2967a439d409358c2214a5409e, type: 3}
      propertyPath: m_LocalEulerAnglesHint.y
      value: 0
      objectReference: {fileID: 0}
    - target: {fileID: 4137486168269956, guid: da41fd2967a439d409358c2214a5409e, type: 3}
      propertyPath: m_LocalEulerAnglesHint.z
      value: 0
      objectReference: {fileID: 0}
    m_RemovedComponents: []
  m_SourcePrefab: {fileID: 100100000, guid: da41fd2967a439d409358c2214a5409e, type: 3}
--- !u!1001 &1800727483
PrefabInstance:
  m_ObjectHideFlags: 0
  serializedVersion: 2
  m_Modification:
    m_TransformParent: {fileID: 0}
    m_Modifications:
    - target: {fileID: 1228419803925864, guid: 21cba551342e0284a87bcb1672a662d2, type: 3}
      propertyPath: m_Name
      value: Plant_6 (1)
      objectReference: {fileID: 0}
    - target: {fileID: 4508970561002598, guid: 21cba551342e0284a87bcb1672a662d2, type: 3}
      propertyPath: m_RootOrder
      value: 20
      objectReference: {fileID: 0}
    - target: {fileID: 4508970561002598, guid: 21cba551342e0284a87bcb1672a662d2, type: 3}
      propertyPath: m_LocalPosition.x
      value: 7.07
      objectReference: {fileID: 0}
    - target: {fileID: 4508970561002598, guid: 21cba551342e0284a87bcb1672a662d2, type: 3}
      propertyPath: m_LocalPosition.y
      value: 0.3376095
      objectReference: {fileID: 0}
    - target: {fileID: 4508970561002598, guid: 21cba551342e0284a87bcb1672a662d2, type: 3}
      propertyPath: m_LocalPosition.z
      value: -0.07667035
      objectReference: {fileID: 0}
    - target: {fileID: 4508970561002598, guid: 21cba551342e0284a87bcb1672a662d2, type: 3}
      propertyPath: m_LocalRotation.w
      value: 1
      objectReference: {fileID: 0}
    - target: {fileID: 4508970561002598, guid: 21cba551342e0284a87bcb1672a662d2, type: 3}
      propertyPath: m_LocalRotation.x
      value: -0.00000003774895
      objectReference: {fileID: 0}
    - target: {fileID: 4508970561002598, guid: 21cba551342e0284a87bcb1672a662d2, type: 3}
      propertyPath: m_LocalRotation.y
      value: 0
      objectReference: {fileID: 0}
    - target: {fileID: 4508970561002598, guid: 21cba551342e0284a87bcb1672a662d2, type: 3}
      propertyPath: m_LocalRotation.z
      value: -0
      objectReference: {fileID: 0}
    - target: {fileID: 4508970561002598, guid: 21cba551342e0284a87bcb1672a662d2, type: 3}
      propertyPath: m_LocalEulerAnglesHint.x
      value: 0
      objectReference: {fileID: 0}
    - target: {fileID: 4508970561002598, guid: 21cba551342e0284a87bcb1672a662d2, type: 3}
      propertyPath: m_LocalEulerAnglesHint.y
      value: 0
      objectReference: {fileID: 0}
    - target: {fileID: 4508970561002598, guid: 21cba551342e0284a87bcb1672a662d2, type: 3}
      propertyPath: m_LocalEulerAnglesHint.z
      value: 0
      objectReference: {fileID: 0}
    m_RemovedComponents: []
  m_SourcePrefab: {fileID: 100100000, guid: 21cba551342e0284a87bcb1672a662d2, type: 3}
--- !u!1001 &1828871138
PrefabInstance:
  m_ObjectHideFlags: 0
  serializedVersion: 2
  m_Modification:
    m_TransformParent: {fileID: 0}
    m_Modifications:
    - target: {fileID: 1400461039152700, guid: c7821bc923171f24094e69062402d005, type: 3}
      propertyPath: m_Name
      value: Tree_1
      objectReference: {fileID: 0}
    - target: {fileID: 4949955557972128, guid: c7821bc923171f24094e69062402d005, type: 3}
      propertyPath: m_RootOrder
      value: 8
      objectReference: {fileID: 0}
    - target: {fileID: 4949955557972128, guid: c7821bc923171f24094e69062402d005, type: 3}
      propertyPath: m_LocalPosition.x
      value: 4.3271885
      objectReference: {fileID: 0}
    - target: {fileID: 4949955557972128, guid: c7821bc923171f24094e69062402d005, type: 3}
      propertyPath: m_LocalPosition.y
      value: 0.5755929
      objectReference: {fileID: 0}
    - target: {fileID: 4949955557972128, guid: c7821bc923171f24094e69062402d005, type: 3}
      propertyPath: m_LocalPosition.z
      value: 4.2857795
      objectReference: {fileID: 0}
    - target: {fileID: 4949955557972128, guid: c7821bc923171f24094e69062402d005, type: 3}
      propertyPath: m_LocalRotation.w
      value: 1
      objectReference: {fileID: 0}
    - target: {fileID: 4949955557972128, guid: c7821bc923171f24094e69062402d005, type: 3}
      propertyPath: m_LocalRotation.x
      value: 0
      objectReference: {fileID: 0}
    - target: {fileID: 4949955557972128, guid: c7821bc923171f24094e69062402d005, type: 3}
      propertyPath: m_LocalRotation.y
      value: 0
      objectReference: {fileID: 0}
    - target: {fileID: 4949955557972128, guid: c7821bc923171f24094e69062402d005, type: 3}
      propertyPath: m_LocalRotation.z
      value: 0
      objectReference: {fileID: 0}
    - target: {fileID: 4949955557972128, guid: c7821bc923171f24094e69062402d005, type: 3}
      propertyPath: m_LocalEulerAnglesHint.x
      value: 0
      objectReference: {fileID: 0}
    - target: {fileID: 4949955557972128, guid: c7821bc923171f24094e69062402d005, type: 3}
      propertyPath: m_LocalEulerAnglesHint.y
      value: 0
      objectReference: {fileID: 0}
    - target: {fileID: 4949955557972128, guid: c7821bc923171f24094e69062402d005, type: 3}
      propertyPath: m_LocalEulerAnglesHint.z
      value: 0
      objectReference: {fileID: 0}
    - target: {fileID: 23146695305503030, guid: c7821bc923171f24094e69062402d005, type: 3}
      propertyPath: m_Materials.Array.data[0]
      value: 
      objectReference: {fileID: 2100000, guid: 50f27939f1ba130428274fee828f4aa5, type: 2}
    - target: {fileID: 23885246353490692, guid: c7821bc923171f24094e69062402d005, type: 3}
      propertyPath: m_Materials.Array.data[0]
      value: 
      objectReference: {fileID: 2100000, guid: 50f27939f1ba130428274fee828f4aa5, type: 2}
    - target: {fileID: 23947302332069680, guid: c7821bc923171f24094e69062402d005, type: 3}
      propertyPath: m_Materials.Array.data[0]
      value: 
      objectReference: {fileID: 2100000, guid: 50f27939f1ba130428274fee828f4aa5, type: 2}
    m_RemovedComponents: []
  m_SourcePrefab: {fileID: 100100000, guid: c7821bc923171f24094e69062402d005, type: 3}
--- !u!1001 &2112074441
PrefabInstance:
  m_ObjectHideFlags: 0
  serializedVersion: 2
  m_Modification:
    m_TransformParent: {fileID: 0}
    m_Modifications:
    - target: {fileID: 1928822907758636, guid: 4dcb45769932d8b449fc6523626179be, type: 3}
      propertyPath: m_Name
      value: Plant_2 (1)
      objectReference: {fileID: 0}
    - target: {fileID: 4109027472145070, guid: 4dcb45769932d8b449fc6523626179be, type: 3}
      propertyPath: m_RootOrder
      value: 13
      objectReference: {fileID: 0}
    - target: {fileID: 4109027472145070, guid: 4dcb45769932d8b449fc6523626179be, type: 3}
      propertyPath: m_LocalPosition.x
      value: 6.07
      objectReference: {fileID: 0}
    - target: {fileID: 4109027472145070, guid: 4dcb45769932d8b449fc6523626179be, type: 3}
      propertyPath: m_LocalPosition.y
      value: 0.44213405
      objectReference: {fileID: 0}
    - target: {fileID: 4109027472145070, guid: 4dcb45769932d8b449fc6523626179be, type: 3}
      propertyPath: m_LocalPosition.z
      value: 7.147901
      objectReference: {fileID: 0}
    - target: {fileID: 4109027472145070, guid: 4dcb45769932d8b449fc6523626179be, type: 3}
      propertyPath: m_LocalRotation.w
      value: 1
      objectReference: {fileID: 0}
    - target: {fileID: 4109027472145070, guid: 4dcb45769932d8b449fc6523626179be, type: 3}
      propertyPath: m_LocalRotation.x
      value: -0.00000003774895
      objectReference: {fileID: 0}
    - target: {fileID: 4109027472145070, guid: 4dcb45769932d8b449fc6523626179be, type: 3}
      propertyPath: m_LocalRotation.y
      value: 0
      objectReference: {fileID: 0}
    - target: {fileID: 4109027472145070, guid: 4dcb45769932d8b449fc6523626179be, type: 3}
      propertyPath: m_LocalRotation.z
      value: -0
      objectReference: {fileID: 0}
    - target: {fileID: 4109027472145070, guid: 4dcb45769932d8b449fc6523626179be, type: 3}
      propertyPath: m_LocalEulerAnglesHint.x
      value: 0
      objectReference: {fileID: 0}
    - target: {fileID: 4109027472145070, guid: 4dcb45769932d8b449fc6523626179be, type: 3}
      propertyPath: m_LocalEulerAnglesHint.y
      value: 0
      objectReference: {fileID: 0}
    - target: {fileID: 4109027472145070, guid: 4dcb45769932d8b449fc6523626179be, type: 3}
      propertyPath: m_LocalEulerAnglesHint.z
      value: 0
      objectReference: {fileID: 0}
    - target: {fileID: 23755538523196080, guid: 4dcb45769932d8b449fc6523626179be, type: 3}
      propertyPath: m_Materials.Array.data[1]
      value: 
      objectReference: {fileID: 2100000, guid: 35efd64ed4769b8459707c2739efe32a, type: 2}
    m_RemovedComponents: []
  m_SourcePrefab: {fileID: 100100000, guid: 4dcb45769932d8b449fc6523626179be, type: 3}
